[Event "4NCL Div 1 2024-25"]
[Site "England"]
[Date "2025.01.25"]
[Round "3.34"]
[White "Panjwani, Raja"]
[Black "Kirk, Ezra"]
[Result "0-1"]
[Annotator "TA"]
[ECO "C06"]
[WhiteElo "2448"]
[BlackElo "2386"]
[PlyCount "106"]
[EventDate "2024.11.23"]
[EventType "team-tourn"]
[EventCountry "ENG"]
[SourceTitle "playchess.com"]
[Source "ChessBase"]
[SourceQuality "1"]
[TimeControl "40/6000+30:3000+30"]

1. e4 e6 2. d4 d5 3. Nd2 Be7 4. Ngf3 Nf6 5. e5 Nfd7 6. Bd3 c5 7. c3 Nc6 {[%emt 0:00:05] 7...b6 is not played anymore.} 8. O-O g5 9. Nb1 {[%emt 0:01:36] C06: French Tarrasch: 3...Nf6 4 e5 Nfd7 5 Bd3 main lines.} h5 10. Be3 Nf8 $146 (10... g4 11. Ne1 Qb6 12. b3 a5 13. Nc2 a4 14. Nba3 cxd4 15. cxd4 axb3 16. axb3 Qxb3 {1-0 Feuerstack,A (2478)-Parvanyan,A (2462) GER-CupT 2122 prel4 2022 (1.1)}) 11. dxc5 (11. Na3 $14) 11... Nd7 (11... g4 $11 12. Ne1 Nxe5) 12. Bb5 g4 13. Nd4 Ndxe5 14. Bf4 (14. c4 $11) 14... Bd7 $15 15. Re1 Ng6 16. Bxc6 bxc6 17. Bd6 Bxd6 18. cxd6 Qb8 {[%emt 0:00:54][%csl LRb2,LRd6] Prevents c4} 19. Nf5 (19. c4 $17 {might work better.}) 19... Kf8 (19... Qxb2 $19 20. Nd2 Qxc3) 20. Ne7 $1 Nxe7 (20... Qxd6 21. Nxg6+ fxg6 22. Qd4) 21. dxe7+ Kxe7 22. Qd4 (22. Qd2 $15) 22... Qb6 $17 23. Qf4 f6 $36 {[%emt 0:13:36][%mdl 2048] Against Qg5. White is under strong pressure.} 24. Nd2 Qb8 25. Qd4 e5 (25... Qxb2 26. Rab1 Qa3 (26... Qxa2 27. Rb7 $16) 27. Rb4 $15 (27. Rb7 Qd6 $17)) 26. Nb3 Kf7 27. Qe3 h4 28. Nc5 Bf5 29. b4 a5 30. a3 h3 31. g3 axb4 32. axb4 Qb5 33. f3 Qc4 {[%emt 0:01:27] Threatens to win with ...gxf3.} 34. Nb7 Qd3 {[%emt 0:00:31] Really sharp! Black is more active.} 35. Qxd3 Bxd3 36. fxg4 Kg6 37. Nc5 Bc4 38. Kf2 Rhd8 39. Nb7 Rxa1 40. Rxa1 {[%emt 0:00:06][%mdl 4096] Endgame KRB-KRN} Rb8 41. Nd6 Rd8 42. Nf5 (42. Nb7 $1 $11 Rd7 43. Nc5) 42... Bd3 $1 43. Ne7+ Kg5 44. Nxc6 Rc8 (44... Rd6 45. Na5 $17) 45. Ne7 {[%emt 0:01:39] [#]} (45. Rd1 $17 {is the only way for White.}) 45... Rc6 $4 {[%emt 0:16:19][%mdl 8192] [#]} 46. c4 $4 Rxc4 $19 47. Nxd5 {[%emt 0:00:40] [#]} (47. Ra8 $142 d4 (47... Kxg4 48. Rg8+ Kh5 49. Nxd5 $11) 48. Rg8+ Kh6 49. Rh8+ Kg7 50. Rxh3) 47... Rc2+ $1 {[%emt 0:00:00] Black is clearly winning.} (47... Kxg4 $2 48. Ne3+ (48. Nxf6+ Kf5 $15) 48... Kh5 49. Nxc4 Bxc4 50. Ra5 $18) (47... Rxg4 48. Ra8 Bh7 49. Ra7 $17) 48. Ke3 (48. Kf3 $142 Be2+ (48... Rxh2 $2 49. Ra8 $19) (48... Re2 $2 49. Nc3 $19) 49. Ke4 Bxg4 (49... Kxg4 $2 50. Ne3+ Kg5 51. Nxc2 $18) 50. Ra8) 48... Bc4 {[%emt 0:00:00] ( -> ...Re2+)} 49. Ke4 Bxd5+ (49... Kxg4 $2 {is the wrong capture.} 50. Ne3+ (50. Nxf6+ Kg5 $11) 50... Kg5 51. Nxc2 $18) 50. Kxd5 Rxh2 51. Rf1 Rd2+ 52. Ke6 h2 {[%emt 0:00:00] ( -> ...e4)} 53. b5 Rb2 {[%emt 0:00:00] Weighted Error Value: White=0.59/Black=0.29 (precise)   Missed win:     	White=1     	Black=1      Mistake:       	White=7     	Black=2      Inaccurate:     	White=2     	Black=2      OK:         	White=16    	Black=16     Best:        	---       	Black=3      Strong:       	White=1     	Black=2} 0-1

[Event "4NCL Div 1 2024-25"]
[Site "England"]
[Date "2025.01.25"]
[Round "3.35"]
[White "Pert, Richard G"]
[Black "Merry, Alan B"]
[Result "1/2-1/2"]
[Annotator "TA"]
[ECO "D27"]
[WhiteElo "2399"]
[BlackElo "2417"]
[PlyCount "69"]
[EventDate "2024.11.23"]
[EventType "team-tourn"]
[EventCountry "ENG"]
[SourceTitle "playchess.com"]
[Source "ChessBase"]
[SourceQuality "1"]
[TimeControl "40/6000+30:3000+30"]

1. d4 Nf6 2. Nf3 d5 3. c4 e6 4. Nc3 dxc4 5. e3 a6 6. a4 b6 7. Bxc4 Bb7 8. O-O c5 9. Qe2 Nbd7 10. Rd1 Qc7 11. d5 {[%emt 0:00:30] D27: Queen's Gambit Accepted: Classical main line: 7 e4!? and 7 a4.} (11. Ne5 {keeps more tension.} Bd6 12. Nxd7 Qxd7 13. dxc5 bxc5 14. e4) 11... exd5 12. Nxd5 Bxd5 13. Rxd5 $146 (13. Bxd5 Nxd5 14. Rxd5 Be7 15. e4 Nf6 16. Rg5 O-O 17. e5 Nd5 18. Rg3 Rfe8 19. h4 {½-½ Cordova,E (2592)-Stevic,H (2570) PNWCC Online blitz JP 2nd 2020 (4)}) 13... Nxd5 14. Bxd5 Rd8 15. e4 Be7 {[%emt 0:05:28] Prevents Ng5} 16. g3 O-O 17. Bf4 Qc8 18. Bc4 Nb8 19. h4 b5 20. axb5 axb5 21. Bxb5 {[%emt 0:00:10] A strong pair of Bishops.} Nc6 {[%emt 0:00:46] Wards off Ra7} 22. h5 h6 23. Ra6 Nd4 ({Black should try} 23... Nb4 $11 24. Rb6 Qg4) 24. Nxd4 $14 cxd4 {[%emt 0:05:05] Black is weak on the light squares} 25. Bd3 (25. e5 $1 $14) 25... Bg5 (25... Rfe8 $11) 26. Bxg5 (26. Bd6 $1 $14) 26... hxg5 $11 {[%emt 0:00:06] The position is equal.} 27. e5 {[%emt 0:01:45] [#]} Qh3 28. Qf3 {[%emt 0:15:50][%mdl 1024] White has compensation. Active counter play!} Rc8 $1 29. Ra1 {[%emt 0:01:15] aiming for Bf5. Prevents Rc1+} Qe6 30. Re1 f5 31. Qe2 Rc5 32. b3 Rfc8 33. Bc4 Rxc4 34. bxc4 Rxc4 35. Qd2 {[%emt 0:05:32] Weighted Error Value: White=0.11 (very precise) /Black=0.10 (very precise)   Mistake:       	White=2     	Black=2      Inaccurate:     	---       	Black=1      OK:         	White=11    	Black=10     Best:        	White=1     	---        Strong:       	---       	Black=1} 1/2-1/2

[Event "4NCL Div 1 2024-25"]
[Site "England"]
[Date "2025.01.25"]
[Round "3.36"]
[White "Taylor, Martin R"]
[Black "Williams, Simon K"]
[Result "0-1"]
[Annotator "TA"]
[ECO "A92"]
[WhiteElo "2353"]
[BlackElo "2442"]
[PlyCount "58"]
[EventDate "2024.11.23"]
[EventType "team-tourn"]
[EventCountry "ENG"]
[SourceTitle "playchess.com"]
[Source "ChessBase"]
[SourceQuality "1"]
[TimeControl "40/6000+30:3000+30"]

1. d4 e6 2. Nf3 f5 3. g3 Nf6 4. Bg2 Be7 5. c4 Ne4 6. O-O {[%emt 0:03:03] A92: Classical Dutch: Classical Stonewall (with ...Be7): Early deviations.} d5 7. Qc2 Nc6 8. Nc3 {[%emt 0:03:26] White is slightly better.} Bf6 9. Rd1 O-O 10. cxd5 exd5 {[%emt 0:00:09] [#]} 11. Ne5 $146 (11. Qb3 Nxc3 12. bxc3 Na5 13. Qc2 Re8 14. Ne5 Be6 15. f4 c6 16. a4 Rc8 17. Qd3 {½-½ Stelmaszuk,M (1944)-Sobolewski,P (1939) POL-chT 2nd League 2023 (1.41)}) 11... Ne7 12. f3 Nd6 13. e3 Be6 14. b3 g5 {[%emt 0:04:14][%cal Bg7g5,Bg5f4][%mdl 32] Space Advantage White} 15. Ba3 f4 16. exf4 gxf4 17. g4 (17. Ne2 $16) 17... Nf7 $11 18. Nxf7 (18. Nd3 $11) 18... Rxf7 $15 19. Rd2 Ng6 20. Ne2 Bh4 21. Rf1 Qg5 22. Nc1 h5 23. gxh5 {[%emt 0:00:27][%mdl 8192] This move loses the game for White.} (23. Re2 $17 {is more resistant.} Bd7 24. Nd3) 23... Qxh5 $19 24. Nd3 Bf5 25. Qd1 $2 {[%emt 0:00:49] [#]} (25. Qb2 {was called for.}) 25... Bg3 $1 26. hxg3 (26. h3 Bxh3) 26... fxg3 27. Re1 Qh2+ 28. Kf1 Bh3 {[%emt 0:00:11] ...Nh4 is the strong threat.} 29. Ne5 Nf4 {[%emt 0:00:13] Weighted Error Value: White=0.88/Black=0.24 (precise)   Loses game:     	White=1     	---        Mistake:       	White=3     	---        Inaccurate:     	White=4     	Black=2      OK:         	White=5     	Black=4      Best:        	White=1     	Black=2} 0-1

[Event "4NCL Div 1 2024-25"]
[Site "England"]
[Date "2025.01.25"]
[Round "3.37"]
[White "Eggleston, David J"]
[Black "Cox, John J"]
[Result "1-0"]
[Annotator "TA"]
[ECO "B04"]
[WhiteElo "2339"]
[BlackElo "2259"]
[PlyCount "125"]
[EventDate "2024.11.23"]
[EventType "team-tourn"]
[EventCountry "ENG"]
[SourceTitle "playchess.com"]
[Source "ChessBase"]
[SourceQuality "1"]
[TimeControl "40/6000+30:3000+30"]

1. e4 Nf6 2. e5 Nd5 3. d4 d6 4. Nf3 dxe5 5. Nxe5 c6 6. Be2 Bf5 {[%emt 0:05:38] B04: Alekhine's Defence: 4 Nf3.} 7. O-O Nd7 8. Nf3 e6 (8... Nb4 $11) 9. c4 $14 N5b6 10. Bf4 Be7 11. Nc3 O-O 12. d5 $146 (12. Qb3 Nf6 13. h3 Ne4 14. Rfd1 h6 15. a4 a5 16. Bd3 Nxc3 17. bxc3 Bxd3 18. Rxd3 {1-0 Stevic,H (2607)-Rozentalis,E (2593) FRA-chT Top 12 2016 (3.6)}) 12... cxd5 13. cxd5 Bf6 14. Nd4 Bxd4 15. Qxd4 Nf6 (15... Qf6 $14 16. Qxf6 Nxf6) 16. d6 $16 {[%emt 0:02:52][%csl Od6] White has a strong passed pawn. White plays in the center} Nbd5 17. Nxd5 Nxd5 18. Bg3 Qa5 19. Bf3 Rfd8 20. a3 Rd7 {[%emt 0:00:00] Black is weak on the dark squares} (20... Rac8 $142) 21. Rac1 Rad8 22. Rc5 Qb6 23. Bxd5 exd5 24. Qxd5 Be6 25. Qd4 Qb3 (25... Rc7 $16 {keeps fighting.} 26. Rfc1 (26. dxc7 Rxd4 27. c8=Q+ Bxc8 $11) 26... Rc6) 26. Rg5 $18 {[%emt 0:09:11][%csl Gg5,LRa7,LRg7][%cal Rd4g7] [#]} f5 27. Be5 (27. Qxa7 $2 b6 28. Qa6 Bc4 $19 (28... Qxb2 29. Rh5 $16)) 27... g6 28. Rg3 (28. Qxa7 b6 29. Qa6 Bc4 $19) 28... Qd5 29. Qc3 Qc4 30. Qe3 Qe4 31. Qxe4 fxe4 32. Rd1 Rc8 33. Re3 Bd5 34. f4 $36 {[%emt 0:03:52][%mdl 2048] White is really pushing.} (34. Rxd5 $2 Rc1+) 34... Bc6 35. g4 Kf7 36. Rc1 Re8 37. h4 h6 38. Kf2 Ke6 39. Rec3 Rf7 40. Ke3 (40. Rc5 $18) 40... g5 $16 41. Rc5 gxf4+ 42. Bxf4 Ref8 43. Rf1 (43. Bxh6 Rf3+ 44. Ke2 Rf2+ 45. Ke1 R8f3 $11) 43... Rg8 44. Re5+ Kd7 45. b4 {[%emt 0:00:00] [#]} a6 46. Rg1 (46. Rf5 $142 Rxf5 47. gxf5) 46... Rgf8 47. Rf5 {[%emt 0:00:00] White has more active pieces.} (47. Bxh6 Rf3+ 48. Kd2 (48. Kd4 R8f6 $17) 48... Kxd6 49. Bxf8+ Kxe5 50. Bg7+ Kd5 $11) 47... Rxf5 48. gxf5 Rxf5 {[%emt 0:00:00][%mdl 4096] Endgame KRB-KRB} 49. Rg7+ (49. Bxh6 Rf3+ 50. Kd4 Kxd6 51. Rg6+ Kd7 $14) 49... Ke8 ({Better is} 49... Ke6) 50. Re7+ (50. Bxh6 Rf3+ 51. Ke2 (51. Kd4 Rf6 $16) 51... Bb5+ 52. Ke1 Rf1+ 53. Kd2 Rf6) 50... Kd8 51. Rh7 Rd5 52. Rxh6 (52. Bxh6 Rxd6 53. Bg5+ Kc8 $14) (52. Kxe4 $16 Rh5+ 53. Ke3) 52... Rd3+ $11 53. Ke2 $1 Rxa3 54. Rh8+ Kd7 55. Rh7+ Ke6 56. Re7+ Kf5 57. Be3 Bb5+ 58. Kf2 Rd3 $2 (58... Ra2+ $11 {and Black stays safe.} 59. Kg1 (59. Kg3 Ra3 $11) 59... Ra1+ 60. Kg2 Ra2+ 61. Bf2 Kf4) 59. h5 $18 ({Less strong is} 59. Rxb7 Kg4 $14) 59... Rd1 60. h6 {[%emt 0:00:48] White is clearly winning.} Kg6 (60... Rxd6 $142 61. h7 (61. Rxb7 Rd8 $18) 61... Rd8) 61. Rg7+ Kf6 62. Rxb7 {[%emt 0:00:32] and h7 would now be decisive} Rh1 (62... Ke6 $142 63. h7 Rh1) 63. d7 {[%emt 0:00:53] Weighted Error Value: White=0.20 (precise) /Black=0.41  Loses game:     	---       	Black=1      Mistake:       	White=3     	Black=6      Inaccurate:     	White=3     	Black=1      OK:         	White=28    	Black=18     Best:        	White=3     	Black=8      Strong:       	White=1     	---} 1-0

[Event "4NCL Div 1 2024-25"]
[Site "England"]
[Date "2025.01.25"]
[Round "3.38"]
[White "Zhao, George"]
[Black "Pert, Max"]
[Result "1/2-1/2"]
[Annotator "TA"]
[ECO "E11"]
[WhiteElo "2233"]
[BlackElo "2076"]
[PlyCount "74"]
[EventDate "2024.11.23"]
[EventType "team-tourn"]
[EventCountry "ENG"]
[SourceTitle "playchess.com"]
[Source "ChessBase"]
[SourceQuality "1"]
[TimeControl "40/6000+30:3000+30"]

1. d4 d5 2. c4 e6 3. Nf3 Nf6 4. g3 Bb4+ 5. Bd2 a5 6. Bg2 O-O 7. Qc2 c5 8. O-O cxd4 9. Nxd4 e5 10. Nf3 e4 11. Nd4 Nc6 12. e3 dxc4 (12... Bg4 $11) 13. Nxc6 $14 {[%emt 0:14:03] White sacrificed a pawn} bxc6 14. a3 Bxd2 15. Nxd2 {[%emt 0:00:24][%csl Oc4] White attacks a weakness} Qd3 16. Rfc1 Be6 17. Nxe4 (17. Bxe4 Nxe4 18. Nxe4 Qd5) (17. Nxc4 $16 Qxc2 18. Rxc2) 17... Nxe4 $11 18. Bxe4 Qxc2 19. Rxc2 Rab8 (19... Ra6 $11) 20. Bxc6 $14 Rb6 21. Bg2 (21. Bf3 $16) 21... Rfb8 $11 22. Rd1 Kf8 23. Bd5 Rxb2 24. Rxc4 Rb1 25. Rcd4 Bxd5 26. Rxd5 {[%emt 0:00:06][%cal Od1b1] [#]} Rxd1+ (26... a4 $1 $11) 27. Rxd1 {[%emt 0:00:04][%mdl 4096] Endgame KR-KR. White is a pawn up.} Rb3 $1 28. a4 {[%emt 0:00:29] Rd5 is the strong threat.} Ra3 29. Rd4 Ke7 30. h4 h5 31. Kg2 Ke6 {[%emt 0:00:27] Inhibits Rd5.} 32. Kf3 Ra2 33. Kg2 (33. Re4+ $14 Kf6 34. Rf4+ Ke6 35. g4) 33... g6 ({Black should play} 33... Ra3 $1 $11) 34. Kf3 $14 Ke5 35. Kg2 Ke6 36. Kf3 Ke5 $1 37. Kg2 Ke6 {[%emt 0:00:06] Weighted Error Value: White=0.20 (precise) /Black=0.15 (very precise)   Mistake:       	White=3     	Black=4      Inaccurate:     	White=1     	---        OK:         	White=12    	Black=12     Best:        	White=1     	Black=3      Strong:       	---       	Black=2} 1/2-1/2

[Event "4NCL Div 1 2024-25"]
[Site "England"]
[Date "2025.01.25"]
[Round "3.39"]
[White "Baptie, Justin P"]
[Black "Sowray, Peter J"]
[Result "1/2-1/2"]
[Annotator "TA"]
[ECO "B22"]
[WhiteElo "2099"]
[BlackElo "2205"]
[PlyCount "87"]
[EventDate "2024.11.23"]
[EventType "team-tourn"]
[EventCountry "ENG"]
[SourceTitle "playchess.com"]
[Source "ChessBase"]
[SourceQuality "1"]
[TimeControl "40/6000+30:3000+30"]

1. e4 c5 2. d4 cxd4 3. c3 Nf6 4. e5 Nd5 5. Qxd4 e6 6. Nf3 Nc6 7. Qe4 d6 8. exd6 Bxd6 9. Bd3 Nf6 10. Qe2 O-O 11. Bg5 Be7 12. O-O Qc7 13. Nbd2 {[%emt 0:09:49] B22: Sicilian: 2 c3.} Rd8 14. Bxf6 $146 (14. Rad1 Bd7 15. Nc4 Be8 16. Bh4 b5 17. Ncd2 a6 18. Rfe1 Nh5 19. Bxe7 Qxe7 20. Ne5 g6 {1-0 Rabiega,R (2400)-Lehmann,H (2330) BL2-Nord 9192 1991}) 14... Bxf6 15. Ne4 Be7 16. Bc2 Bd7 17. Ng3 Be8 18. Qe4 g6 {[%emt 0:00:23] Successful Defense Black} 19. h4 Bf6 20. h5 Rac8 21. Rad1 b5 22. a3 Bg7 23. hxg6 hxg6 24. Qh4 Rxd1 25. Rxd1 Rd8 26. Rxd8 Qxd8 27. Ng5 (27. Qf4 $11 {remains equal.}) 27... Qd2 $17 28. Bb3 (28. Bxg6 $17 {is a better defense.} Qe1+ 29. Kh2 fxg6 30. Qh7+ Kf8 31. N3e4) 28... Na5 $2 (28... Qxb2 $19 29. Bxe6 Qxc3) 29. Ba2 (29. Bxe6 $15 Qe1+ 30. Kh2 Qxf2 (30... fxe6 $2 31. N3e4 $16) 31. N5e4) 29... Nc4 (29... Qxb2 $17 30. Bxe6 Qxc3) 30. Bxc4 $11 bxc4 31. Qh7+ (31. N5e4 $1 $11 Qd5 (31... Qxb2 32. Qd8 $16) 32. Nf6+ Bxf6 33. Qxf6) 31... Kf8 $17 32. Qh4 Be5 ({Better is} 32... Qxb2 $17 33. Nh7+ Kg8 34. Nf6+ Bxf6 35. Qxf6 Qa1+ (35... Qxa3 36. Ne4 $17) 36. Kh2 Qxa3) 33. Nf3 $11 Qc1+ (33... Qf4 {simplifies} 34. Qxf4 Bxf4 35. Ne2 Bc7) 34. Nf1 Bg7 35. Qxc4 Qxb2 36. Qc5+ Kg8 37. Qxa7 Bxc3 ({Much less strong is} 37... Qxc3 38. Qb8 Qc6 39. Ne3 $15) 38. Qe7 {[%emt 0:00:48] [#]} Qb5 (38... Bc6 $1 $17) 39. Ng5 {[%emt 0:00:39] [#]} Be5 (39... Qd7 $1 $17 40. Qc5 Bd4) 40. Ne4 $1 {[%emt 0:01:13] The position is equal.} Bc6 41. Nd6 $36 {[%emt 0:22:30][%mdl 2048] White has good play.} Qd5 42. Qxf7+ Kh8 43. Qf8+ Kh7 44. Qe7+ {[%emt 0:00:21] Weighted Error Value: White=0.37/Black=0.38  Missed win:     	---       	Black=1      Mistake:       	White=4     	Black=4      Inaccurate:     	White=6     	Black=5      OK:         	White=6     	Black=7      Best:        	White=5     	Black=2      Strong:       	White=1     	---} 1/2-1/2

[Event "4NCL Div 1 2024-25"]
[Site "England"]
[Date "2025.01.25"]
[Round "3.40"]
[White "Bhatia, Kanwal K"]
[Black "Pert, Nina"]
[Result "0-1"]
[Annotator "TA"]
[ECO "C06"]
[WhiteElo "1976"]
[BlackElo "1984"]
[PlyCount "54"]
[EventDate "2024.11.23"]
[EventType "team-tourn"]
[EventCountry "ENG"]
[SourceTitle "playchess.com"]
[Source "ChessBase"]
[SourceQuality "1"]
[TimeControl "40/6000+30:3000+30"]

1. e4 e6 2. d4 d5 3. Nd2 Nf6 4. e5 Nfd7 5. Ndf3 c5 6. c3 Nc6 7. Bd3 cxd4 8. cxd4 Qb6 9. Ne2 Be7 10. O-O Nf8 11. Re1 {[%emt 0:05:58] C06: French Tarrasch: 3...Nf6 4 e5 Nfd7 5 Bd3 main lines.} Bd7 12. a4 $146 (12. Bc2 Nb4 13. Bb3 Ng6 14. Nc3 Rc8 15. Be3 Nc6 16. Qd3 O-O 17. Nd2 f6 18. f4 fxe5 19. fxe5 {½-½ Kirillov,D (1893)-Kanli,A (1397) EU-ch U10 25th 2015 (1)}) 12... Ng6 13. Bb1 {[%emt 0:19:20] White is slightly better.} Na5 14. Bc2 Rc8 15. Nc3 Bb4 16. Re3 Nc4 $1 17. Rd3 {[%emt 0:02:33] [#]} (17. Re1 $11 {remains equal.}) 17... Nf4 $1 $17 {[%emt 0:03:46] Black has more active pieces.} 18. Ng5 {[%emt 0:16:31] White does not recover from this.} Nxd3 $19 19. Qxd3 Be7 20. b3 Bxg5 21. Bxg5 {[%emt 0:00:09] [#]} Nb2 22. Qg3 (22. Qd2 $142 Qb4 23. Ra2) 22... Qxd4 23. Ne2 (23. Be3 $142 Qxc3 (23... Rxc3 $2 24. Bxd4 Rxg3 25. hxg3 $18) 24. Qxg7) 23... Qb4 {[%emt 0:01:11] Black is clearly winning.} 24. Bd3 Qxb3 25. Nc1 {[%emt 0:01:51] [#]} Rxc1+ 26. Bxc1 (26. Rxc1 Qxd3) 26... Nxd3 27. Ba3 Qc3 {[%emt 0:00:38] Weighted Error Value: White=0.87/Black=0.13 (very precise)   Mistake:       	White=4     	---        Inaccurate:     	White=5     	Black=1      OK:         	White=1     	Black=7      Best:        	---       	Black=2      Strong:       	---       	Black=2} (27... Bxa4 $2 {loses.} 28. Qxg7 Kd7 29. Qxh8 $18) 0-1

[Event "4NCL Div 1 2024-25"]
[Site "England"]
[Date "2025.01.25"]
[Round "3.41"]
[White "Emms, John M"]
[Black "Rendle, Thomas E"]
[Result "1/2-1/2"]
[Annotator "TA"]
[ECO "C47"]
[WhiteElo "2413"]
[BlackElo "2383"]
[PlyCount "51"]
[EventDate "2024.11.23"]
[EventType "team-tourn"]
[EventCountry "ENG"]
[SourceTitle "playchess.com"]
[Source "ChessBase"]
[SourceQuality "1"]
[TimeControl "40/6000+30:3000+30"]

1. e4 e5 2. Nf3 Nc6 3. Nc3 Nf6 4. d4 exd4 5. Nxd4 Bb4 6. Nxc6 bxc6 7. Bd3 O-O 8. O-O Re8 9. Bg5 $1 {[%emt 0:02:47][%cal Bc1g5,Bg5h4,Bh4g3][%mdl 32] 9.Bg5 scores better than 9.Qf3.} h6 10. Bh4 d5 {[%emt 0:01:25] C47: Scotch Four Knights and Four Knights with 4 g3.} 11. exd5 g5 12. Bg3 cxd5 {[%emt 0:00:05] White has an edge.} 13. h3 Rb8 $146 (13... c5 14. Qf3 Be6 15. Nb5 c4 16. Bf5 Rc8 17. Nxa7 Ra8 18. Nc6 Qb6 19. Nxb4 Qxb4 {0-1 Rosenberg,E (1989)-Kuzhilniy,O (2238) Titled Tuesday intern op 23rd Apr Early blitz 2024 (1)}) 14. Qf3 d4 15. Ne4 Nxe4 16. Bxe4 Rb6 $1 17. Bd3 Ba5 18. Bc4 Qd7 19. Rad1 c5 20. c3 (20. Qa3 {simplifies} Ba6 21. Bxa6 Rxa6 22. Qxc5 Bb6 23. Qc4) 20... Bb7 $1 21. Qh5 $36 {[%emt 0:00:31][%cal Ob2b4][%mdl 2048] [#] and b4! should not be overlooked White is more active.} Rf6 22. h4 Qc6 23. f3 (23. hxg5 $2 Qxg2#) 23... dxc3 $2 {[%emt 0:06:49][%mdl 8192] [#]} (23... Ba6 $14 24. Bxa6 (24. hxg5 Rg6 $11) 24... Qxa6) 24. Rd6 $1 {[%emt 0:02:37][%mdl 512] White is clearly winning.} Qxd6 (24... Ree6 25. Bxe6) 25. Bxd6 gxh4 26. Be5 {[%emt 0:02:08][%mdl 32768] Weighted Error Value: White=0.13 (very precise) /Black=1.15 An unexpected result.  Loses game:     	---       	Black=1      Inaccurate:     	---       	Black=1      OK:         	White=7     	Black=9      Best:        	White=1     	---        Strong:       	---       	Black=2} 1/2-1/2

[Event "4NCL Div 1 2024-25"]
[Site "England"]
[Date "2025.01.25"]
[Round "3.42"]
[White "Lentzos, Ioanis"]
[Black "Palliser, Richard J D"]
[Result "1-0"]
[Annotator "TA"]
[ECO "A34"]
[WhiteElo "2126"]
[BlackElo "2369"]
[PlyCount "85"]
[EventDate "2024.11.23"]
[EventType "team-tourn"]
[EventCountry "ENG"]
[SourceTitle "playchess.com"]
[Source "ChessBase"]
[SourceQuality "1"]
[TimeControl "40/6000+30:3000+30"]

1. c4 c5 2. Nf3 Nf6 3. Nc3 Nc6 4. e3 e5 5. d4 e4 6. d5 {[%emt 0:00:11] A34: Symmetrical English: 2 Nc3, lines with ...d5.} exf3 7. dxc6 dxc6 8. Qxd8+ {[%emt 0:00:07] The position is equal.} Kxd8 9. gxf3 g6 10. b3 Bg7 11. Bb2 Ke7 12. Ne4 b6 13. Bg2 (13. Rd1 {with more complications.} Bf5 14. Bg2 Rad8 15. Ke2) 13... Rd8 14. f4 $146 (14. Nxf6 Bxf6 15. Bxf6+ Kxf6 16. f4 Rd6 17. Rd1 Rxd1+ 18. Kxd1 Bg4+ 19. Kc2 Rc8 20. Be4 {½-½ Svane,R (2628)-Iskandarov,M (2506) EU-ch 24th Petrovac 2024 (7)}) 14... Nxe4 15. Bxg7 Bf5 16. Be5 {[%emt 0:10:59] [#]} (16. f3 $11 {keeps the balance.} Nf6 17. Bh6) 16... f6 $1 $17 17. f3 fxe5 18. fxe4 Bg4 19. h3 Bh5 20. O-O $1 Rf8 (20... Rd3 $15 21. Rae1 Rad8) 21. Rf2 $11 Rad8 22. Raf1 Rd3 23. fxe5 Rxf2 24. Rxf2 Rxe3 {[%emt 0:06:10][%mdl 4096] Endgame KRB-KRB} 25. Rf6 Re1+ 26. Kf2 Re2+ 27. Kg3 Rxa2 28. Rxc6 Bd1 29. h4 Bxb3 30. Bh3 Bxc4 {[%emt 0:00:17] [#]} 31. Rc7+ Kf8 32. Rc8+ Ke7 33. Rc7+ Kf8 34. Rc8+ Kg7 {[%emt 0:01:14] aiming for ...Ra3+.} 35. Rc7+ Kh6 (35... Kf8 $1 $11 36. Rc8+) 36. Bd7 $14 {[%emt 0:00:12][%mdl 1024] e6 would now be deadly. White has compensation.} Re2 37. Kf3 Bd3 $2 {[%emt 0:04:15][%mdl 8192] Loses the game.} (37... Rh2 $14) 38. Bc6 $18 Bc4 {[%emt 0:00:36] Dodges e6} 39. Bd5 $2 (39. e6 Rd2 40. e7 (40. Rxa7 $2 {is the wrong capture.} Bxe6 41. Kf4 c4 $19)) 39... Bxd5 40. Kxe2 Bxe4 (40... Bc4+ 41. Kd2 g5) 41. e6 {[%emt 0:50:30][%cal Be5e6,Be6e7][%mdl 32] White wants to mate with e7!. White is clearly winning.} (41. Rxa7 Bf5 42. Rb7 Kh5 43. Rxh7+ (43. Rxb6 Kxh4 44. e6 Kg5 $18) 43... Kg4 $18) 41... Bd5 42. e7 ({And not} 42. Rxa7 Bxe6 43. Rc7 c4 $11) 42... Bf7 43. Rc8 {[%emt 0:00:46] Weighted Error Value: White=0.21 (precise) /Black=0.27 (precise)   Loses game:     	---       	Black=1      Mistake:       	White=1     	Black=3      Inaccurate:     	---       	Black=1      OK:         	White=21    	Black=14     Best:        	White=6     	Black=2      Strong:       	White=1     	Black=1} 1-0